 Dungeon Crawl Stone Soup version 0.29.1-15-g9cfb28693d (webtiles) character file.

Game seed: 118642015982073884

95650 Sin92 the Severer (level 15, -16/132 (134) HPs)
             Began as a Demonspawn Fighter on Aug 27, 2022.
             Was the Champion of Okawaru.
             Demolished by a sun demon (20 damage)
             ... summoned by an orc sorcerer
             ... while paralysed by an orc sorcerer
             ... on level 2 of the Orcish Mines on Nov 6, 2023.
             The game lasted 00:56:00 (25632 turns).

Sin92 the Severer (Demonspawn Fighter)             Turns: 25632, Time: 00:56:01

HP:   -16/132 (134) AC:  8    Str: 33    XL:     15   Next: 67%
MP:   29/30         EV:  2    Int: 11    God:    Okawaru [******]
Gold: 1412          SH:  0    Dex: 21    Spells: 14/14 levels left

rFire   x . .      SeeInvis .   m - +11 broad axe of the Teaching Gods {flame, Fly rF- rC+}
rCold   + . .      Faith    .   c - +0 buckler
rNeg    + + .      Spirit   .   e - +8 chain mail "Irouku" {MP+9 Str+4}
rPois   +          Reflect  +   O - +2 hat of Umyjuic {Drain rN++ Dex+9 Slay+2}
rElec   .          Harm     .   (no cloak)
rCorr   .          Rampage  .   (gloves unavailable)
Will    +....                   n - +1 pair of boots
Stlth   ..........              Q - amulet of reflection
HPRegen 5.32/turn               j - +6 ring of strength
MPRegen 0.22/turn               D - ring of poison resistance

@: paralysed, spiked, corroded, flying, studying Shields, lightly drained
A: claws 3, ignite blood 2, powered by death 2, robust 1, sturdy frame 2
a: Renounce Religion, Heroism, Finesse, Duel


You were on level 2 of the Orcish Mines.
You worshipped Okawaru.
Okawaru was exalted by your worship.
You visited 4 branches of the dungeon, and saw 22 of its levels.
You also visited: Ice Cave and Volcano.

You collected 2612 gold pieces.
You spent 1200 gold pieces at shops.

Inventory:

Hand Weapons
 a - a +1 war axe of protection
 m - the +11 broad axe of the Teaching Gods (weapon) {flame, Fly rF- rC+}
   (Okawaru gifted it to you in an ice cave)

   It burns those it strikes, dealing additional fire damage.
   Big, fiery blades are also staple armaments of hydra-hunters.
   rF:        It makes you vulnerable to fire.
   rC:        It protects you from cold.
   Fly:       It grants you flight.
 o - a +3 hand axe of venom
 E - a +2 whip of electrocution
 Y - the +4 spear of the Final Lovers {flame, rF+ rCorr Str-3}
   (You found it on level 5 of the Lair of Beasts)

   It burns those it strikes, dealing additional fire damage.
   Str:       It affects your strength (-3).
   rF:        It protects you from fire.
   rCorr:     It protects you from acid and corrosion.
Armour
 c - a +0 buckler (worn)
 e - the +8 chain mail "Irouku" (worn) {MP+9 Str+4}
   (You found it on level 2 of the Dungeon)

   Str:       It affects your strength (+4).
   MP:        It affects your magic capacity (+9).
 n - a +1 pair of boots (worn)
 x - a +1 scale mail of positive energy
 B - a +2 helmet
 I - a +0 crystal plate armour
 O - the +2 hat of Umyjuic (worn) {Drain rN++ Dex+9 Slay+2}
   (Okawaru gifted it to you on level 4 of the Lair of Beasts)

   Dex:       It affects your dexterity (+9).
   Slay:      It affects your accuracy & damage with ranged weapons and melee
   (+2).
   rN:        It greatly protects you from negative energy.
   Drain:     It drains your maximum health when unequipped.
Jewellery
 j - a +6 ring of strength (left claw)
 q - the ring "Humix" {rElec rF+ rC+++ Int-3}
   (You found it on level 13 of the Dungeon)

   [ring of protection from fire]

   Int:       It affects your intelligence (-3).
   rF:        It protects you from fire.
   rC:        It renders you almost immune to cold.
   rElec:     It insulates you from electricity.
 s - a +4 ring of evasion
 w - a ring of flight
 D - a ring of poison resistance (right claw)
 Q - an amulet of reflection (around neck)
Wands
 z - a wand of flame (9)
 T - a wand of digging (7)
Scrolls
 k - 15 scrolls of teleportation
 t - 4 scrolls of magic mapping
 u - a scroll of blinking
 v - 9 scrolls of identify
 y - a scroll of fear
 P - 3 scrolls of amnesia
 X - 2 scrolls of enchant weapon
Potions
 b - 3 potions of magic
 d - 3 potions of might
 f - 14 potions of curing
 g - 6 potions of ambrosia
 h - 5 potions of lignification
 i - 7 potions of brilliance
 l - 7 potions of heal wounds
 p - 2 potions of flight
 r - a potion of berserk rage
 G - 2 potions of mutation
 R - 3 potions of haste
 Z - 3 potions of cancellation


   Skills:
 + Level 12.4 Fighting
 * Level 15.5 Axes
 + Level 11.5 Armour
 + Level 7.9 Dodging
 * Level 11.5 Shields
 - Level 8.4 Invocations


You had 14 spell levels left.
You didn't know any spells.
Your spell library contained the following spells:

 Spells                   Type           Power      Damage    Failure   Level
 Freeze                   Ice            0%         1d3       63%         1
 Necrotise                Necr           0%         1d4       63%         1
 Scorch                   Fire           0%         2d5       77%         2
 Dazzling Flash           Conj/Hex       0%         N/A       94%         3
 Frozen Ramparts          Ice            0%         1d1       94%         3
 Ozocubu's Armour         Ice            0%         N/A       94%         3
 Vampiric Draining        Necr           0%         2d6       94%         3
 Anguish                  Hex/Necr       0%         N/A       100%        4
 Flame Wave               Conj/Fire      0%         2d4       100%        4
 Hailstorm                Conj/Ice       0%         3d3       100%        4
 Ice Form                 Ice/Tmut       0%         N/A       100%        4
 Iskenderun's Mystic Bla  Conj/Tloc      0%         2d3       100%        4
 Leda's Liquefaction      Hex/Erth       0%         N/A       100%        4
 Passage of Golubria      Tloc           0%         N/A       100%        4
 Petrify                  Tmut/Erth      0%         N/A       100%        4
 Agony                    Necr           0%         N/A       100%        5
 Blade Hands              Tmut           0%         N/A       100%        5
 Borgnjor's Vile Clutch   Necr/Erth      0%         N/A       100%        5
 Fireball                 Conj/Fire      0%         3d3       100%        5
 Freezing Cloud           Conj/Ice/Air   0%         6-21      100%        5
 Irradiate                Conj/Tmut      0%         3d11      100%        5
 Metabolic Englaciation   Hex/Ice        0%         N/A       100%        5
 Silence                  Hex/Air        0%         N/A       100%        5
 Starburst                Conj/Fire      0%         6d3       100%        6
 Statue Form              Tmut/Erth      0%         N/A       100%        6
 Dragon Form              Tmut           0%         N/A       100%        7
 Enfeeble                 Hex            0%         N/A       100%        7
 Lehudib's Crystal Spear  Conj/Erth      0%         10d2      100%        8
 Summon Ice Beast         Ice/Summ       Unusable   N/A       N/A         4
 Simulacrum               Ice/Necr       Unusable   N/A       N/A         6
 Summon Cactus Giant      Summ           Unusable   N/A       N/A         6

Dungeon Overview and Level Annotations

Branches:
Dungeon (14/15)            Temple (1/1) D:6            Lair (5/5) D:10
 Shoals (0/4) Lair:2       Spider (0/4) Lair:3        Slime (0/5) Lair:5
    Orc (2/2) D:9             Elf (0/3) Orc:2        Vaults (0/5) D:14
  IceCv (visited)         Volcano (visited)

Altars:
Ashenzari
Cheibriados
Dithmenos
Fedhas
Gozag
Hepliaklqana
Kikubaaqudgha
Makhleb
Nemelex Xobeh
Okawaru
Qazlal
Ru
Sif Muna
Trog
Uskayaw
Vehumet
Wu Jian
Xom
Yredelemnul
Jiyva

Shops:
D:9 [   D:12 *   Orc:2 :

Portals:
Trove: D:11 (give 20 potions of curing)

Annotations:
Temple 2 transporters
Lair:2 exclusion: 2 oklob plants


Innate Abilities, Weirdness & Mutations

You have claws for hands.
Your demonic aura often causes spilled blood to erupt in flames.
You regenerate health from kills.
You are robust. (+10% HP)
Your movements are less encumbered by armour. (ER -4)


Message History

You barely miss the orc sorcerer. You hit the sun demon but do no damage.
You slice the orc sorcerer!! You burn the orc sorcerer.
The orc sorcerer hits you but does no damage.
The orc sorcerer completely misses you. You block the sun demon's attack.
The red devil closely misses you.
You hit the orc sorcerer. You burn the orc sorcerer.
The orc sorcerer is lightly wounded.
You barely miss the orc sorcerer. You slash the sun demon!
You hit something but do no damage. The sun demon closely misses you.
The orc sorcerer hits you with a +0 dagger.
The orc sorcerer gestures at you while chanting.
The bolt of fire hits you!! The fire burns you terribly!
* * * LOW HITPOINT WARNING * * *
You block the red devil's attack. Something hits you.
* * * LOW HITPOINT WARNING * * *
You hit the orc sorcerer but do no damage.
The orc sorcerer is lightly wounded.
You slash something! You burn something. You barely miss the orc sorcerer.
You slash the sun demon! You block the sun demon's attack.
The orc sorcerer points at you and mumbles some strange words.
You suddenly lose the ability to move!
The orc sorcerer hits you with a +0 dagger.
* * * LOW HITPOINT WARNING * * *
The red devil hits you but does no damage.
Okawaru accepts your kill.
Reactivating autopickup.
You feel a bit more experienced. The sun demon hits you.
* * * LOW HITPOINT WARNING * * *
You are engulfed in flames!!
The fire burns you terribly!
* * * LOW HITPOINT WARNING * * *
The orc sorcerer hits you but does no damage.
The red devil hits you from afar with a +2 antimagic trident.
* * * LOW HITPOINT WARNING * * *
Barbed spikes become lodged in your body.
You feel your power leaking away.
The orc sorcerer hits you with a +0 dagger.
* * * LOW HITPOINT WARNING * * *
The sun demon hits you!!
You die...

##. #. ≈###############≈ #.
≈≈§≈≈≈≈≈≈≈≈≈≈≈≈≈≈ ##
..§.............. #.
................ ##
#......84.....# #. #.)oo)# #. #
#≈O3@≈# #. # #≈.4.≈# ## ## ###
##§.○.≈## # .###≈# #§§§..≈≈# #≈ #
.≈≈≈≈### ###≈§...≈§### ###§≈≈ #
..≈≈§≈≈###≈≈§≈§..§≈≈§###≈≈≈≈≈## #
..#≈≈≈≈≈≈≈≈##≈...§##§§§§§≈≈≈#.###
......≈≈§≈≈##§..§§##§§§§≈......#.
...........≈≈.....≈≈#...........#


You could see a sun demon (summoned), a rust devil (summoned), 2 orc sorcerers,
a red devil (summoned) and an ogre.

Vanquished Creatures
  A frost giant (IceCv)
  An ironbound preserver (D:14)
  2 stone giants (Orc:1)
  Josephine (D:11)
  10 hydras
  A boulder beetle (D:13)
  10 two-headed ogres
  A catoblepas (Lair:5)
  5 centaur warriors
  9 death yaks
  An orc high priest (Orc:1)
  A death knight (D:14)
  A deep troll earth mage (D:13)
  Urug (D:10)
  A fire crab (Lair:5)
  A salamander mystic (Volcano)
  A wizard (D:14)
  5 manticores
  4 lindwurms
  2 orc knights
  2 deep elf pyromancers
  4 orc sorcerers
  2 wolf spiders (Lair:5)
  An oklob plant (Lair:3)
  An elephant (Lair:3)
  3 salamanders (Volcano)
  14 black mambas
  4 ugly things
  4 cyclopes
  A guardian serpent (Lair:5)
  An ice statue (IceCv)
  A torpor snail (shapeshifter) (D:14)
  18 cane toads
  2 gargoyles
  9 rime drakes
  Psyche (D:10)
  2 yaktaurs (D:13)
  A yaktaur (shapeshifter) (D:13)
  A freezing wraith (D:13)
  10 komodo dragons
  An efreet (D:14)
  4 trolls
  A meliai (shapeshifter) (D:10)
  17 polar bears
  6 blink frogs
  2 dream sheep (Lair:3)
  3 raiju (Lair:5)
  3 hornets
  5 slime creatures (D:13)
  6 wraiths
  2 shadows
  2 vampires
  6 basilisks
  13 wyverns
  58 yaks
  2 steam dragons
  7 vampire mosquitoes
  4 wargs (Lair:5)
  An acid dragon (D:10)
  14 hell hounds (Lair:5)
  21 water moccasins
  15 orc warriors
  A swamp drake (D:9)
  15 black bears
  An ice beast (D:6)
  5 ogres
  29 wolves
  A phantom (D:4)
  9 centaurs
  A kobold brigand (D:8)
  2 necrophages
  9 bullfrogs
  6 scorpions
  4 killer bees (D:9)
  3 howler monkeys
  3 electric eels
  6 jellies
  22 orc priests
  3 hounds
  2 iguanas
  Ijyb (D:3)
  Terence (D:3)
  Natasha (thrice) (D:2)
  35 orc wizards
  Robin (D:3)
  7 gnolls
  4 adders
  2 white imps
  An ufetubus (D:5)
  4 worms
  A dart slug (D:3)
  87 orcs
  6 ball pythons
  A bat (D:1)
  4 endoplasms
  7 giant cockroaches
  12 goblins
  6 hobgoblins
  11 kobolds
  3 quokkas
  3 frilled lizards
  6 rats
662 creatures vanquished.

Vanquished Creatures (others)
  The ghost of Theoretic the Zephyrmancer, a novice MfAE of Cheibriados (D:10)
  Sonja (Orc:1)
  A centaur (D:10)
  27 fungi
  114 plants
144 creatures vanquished.

Grand Total: 806 creatures vanquished

Notes
Turn   | Place    | Note
-------+----------+-------------------------------------------
     0 | D:1      | Sin92 the Demonspawn Fighter began the quest for the Orb.
     0 | D:1      | Reached XP level 1. HP: 18/18 MP: 1/1
   187 | D:1      | Reached skill level 2 in Axes
   199 | D:1      | Gained mutation: Your movements are slightly less
                  | encumbered by armour. (ER -2) [demonic ancestry]
   199 | D:1      | Reached XP level 2. HP: 20/24 MP: 2/2
   901 | D:2      | Reached XP level 3. HP: 20/29 MP: 3/3
  1059 | D:2      | Found a faded altar of an unknown god.
  1692 | D:2      | Noticed Natasha
  1699 | D:2      | Killed Natasha
  1700 | D:2      | Reached skill level 1 in Dodging
  1700 | D:2      | Gained mutation: You regenerate a little health from kills.
                  | [demonic ancestry]
  1700 | D:2      | Reached XP level 4. HP: 26/35 MP: 4/4
  1739 | D:2      | Noticed Natasha
  1741 | D:2      | Killed Natasha
  1801 | D:2      | Identified the +8 chain mail "Irouku" {MP+9 Str+4}
  1975 | D:2      | Reached skill level 3 in Axes
  2079 | D:2      | Noticed Natasha
  2089 | D:2      | Killed Natasha
  2337 | D:3      | Noticed Robin
  2345 | D:3      | Killed Robin
  2346 | D:3      | Gained mutation: Your demonic aura sometimes causes spilled
                  | blood to erupt in flames. [demonic ancestry]
  2346 | D:3      | Reached XP level 5. HP: 40/41 MP: 5/5
  2640 | D:3      | Noticed Ijyb
  2656 | D:3      | Killed Ijyb
  2964 | D:3      | Noticed Terence
  2973 | D:3      | Killed Terence
  3207 | D:4      | Noticed a phantom
  3226 | D:4      | Killed a phantom
  3227 | D:4      | Gained mutation: Your demonic aura often causes spilled
                  | blood to erupt in flames. [demonic ancestry]
  3227 | D:4      | Reached XP level 6. HP: 38/48 MP: 6/6
  3729 | D:4      | Reached skill level 4 in Axes
  4676 | D:5      | Entered Level 5 of the Dungeon
  4751 | D:5      | Reached XP level 7. HP: 54/54 MP: 7/7
  4881 | D:5      | Reached skill level 5 in Axes
  5184 | D:5      | Found a radiant altar of Vehumet.
  5495 | D:5      | Found a burning altar of Makhleb.
  5579 | D:5      | Upgraded the game from 0.29.0-4-gdea44cf6ec to
                  | 0.29.0-5-ge4962eb29e
  5582 | D:6      | Found a staircase to the Ecumenical Temple.
  5602 | Temple   | Entered the Ecumenical Temple
  5602 | Temple   | Found a transporter.
  5602 | Temple   | Found a transporter.
  5637 | Temple   | Found a transporter.
  5637 | Temple   | Found a transporter.
  5661 | Temple   | Became a worshipper of Warmaster Okawaru
  5699 | D:6      | Reached XP level 8. HP: 58/61 MP: 8/8
  5829 | D:6      | Found a sparkling altar of Nemelex Xobeh.
  6024 | D:6      | Reached skill level 5 in Fighting
  6695 | D:7      | Reached skill level 6 in Axes
  6697 | D:7      | Reached * piety under Okawaru
  7249 | D:7      | Reached skill level 5 in Armour
  7868 | D:8      | Reached skill level 5 in Shields
  7962 | D:8      | Gained mutation: You have sharp fingernails. [demonic
                  | ancestry]
  7962 | D:8      | Reached XP level 9. HP: 43/68 MP: 9/9
  8258 | D:8      | Reached ** piety under Okawaru
  8622 | D:9      | Reached skill level 7 in Axes
  8631 | D:9      | Reached *** piety under Okawaru
  8646 | D:9      | Found a staircase to the Orcish Mines.
  8687 | D:9      | Noticed a two-headed ogre
  8698 | D:9      | Killed a two-headed ogre
  8698 | D:9      | Reached **** piety under Okawaru
  8699 | D:9      | Reached skill level 5 in Dodging
  8990 | D:9      | Reached skill level 8 in Axes
  8990 | D:9      | Reached XP level 10. HP: 77/77 MP: 10/10
  8997 | D:9      | Reached skill level 1 in Invocations
  9370 | D:9      | Reached ***** piety under Okawaru
  9812 | D:9      | Found Efibeum's Antique Armour Boutique.
  9815 | D:9      | Reached skill level 9 in Axes
  9891 | D:10     | Entered Level 10 of the Dungeon
  9891 | D:10     | Noticed Psyche
  9895 | D:10     | Killed Psyche
 10395 | D:10     | Noticed a two-headed ogre
 10405 | D:10     | Killed a two-headed ogre
 10406 | D:10     | Gained mutation: You have very sharp fingernails. [demonic
                  | ancestry]
 10406 | D:10     | Reached XP level 11. HP: 47/84 MP: 14/14
 10576 | D:10     | Noticed Urug
 10577 | D:10     | Noticed a two-headed ogre
 10577 | D:10     | Noticed a two-headed ogre
 10827 | D:10     | Killed Urug
 11066 | D:10     | Found a staircase to the Lair.
 11119 | D:10     | Found a runed translucent gate.
 11119 | D:10     | Found a runed translucent gate.
 11120 | D:10     | Noticed Theoretic's ghost (novice MfAE)
 11126 | D:10     | Killed a two-headed ogre
 11127 | D:10     | Reached skill level 5 in Invocations
 11130 | D:10     | Killed a two-headed ogre
 11130 | D:10     | Reached ****** piety under Okawaru
 11151 | D:10     | Found the +3 robe of Clouds {*Thunder rCloud rElec}
 11160 | D:10     | Found a runed translucent gate.
 11226 | D:10     | Received a gift from Okawaru
 11676 | D:10     | Upgraded the game from 0.29.0-5-ge4962eb29e to
                  | 0.29.0-7-g18a832c13a
 11717 | D:11     | Received a gift from Okawaru
 11817 | D:11     | Noticed a two-headed ogre
 11831 | D:11     | Killed a two-headed ogre
 11832 | D:11     | Reached skill level 10 in Axes
 12083 | D:11     | Noticed a two-headed ogre
 12084 | D:11     | Noticed a six-headed hydra
 12125 | D:11     | Killed a two-headed ogre
 12125 | D:11     | Received a gift from Okawaru
 12130 | D:11     | HP: 2/130 [nine-headed hydra (9)]
 12142 | D:11     | Found a portal to a secret trove of treasure.
 12142 | D:11     | Killed a nine-headed hydra
 12359 | D:11     | Noticed Josephine
 12381 | D:11     | Killed Josephine
 12382 | D:11     | Gained mutation: You regenerate health from kills. [demonic
                  | ancestry]
 12382 | D:11     | Reached XP level 12. HP: 88/94 MP: 17/17
 12734 | D:10     | Killed Theoretic's ghost
 12898 | Lair:1   | Entered Level 1 of the Lair of Beasts
 13006 | Lair:1   | Reached skill level 11 in Axes
 14160 | Lair:2   | Upgraded the game from 0.29.0-7-g18a832c13a to
                  | 0.29.1-15-g9cfb28693d
 14199 | Lair:2   | Identified the -2 pair of gloves of the Crown {rElec Will+
                  | Str+2 Dex-2} (Okawaru gifted it to you on level 2 of the
                  | Lair of Beasts)
 14199 | Lair:2   | Received a gift from Okawaru
 14283 | Lair:2   | Noticed a four-headed hydra
 14292 | Lair:2   | Killed an eight-headed hydra
 14622 | Lair:2   | Found a staircase to the Shoals.
 14657 | Lair:2   | Noticed an eight-headed hydra
 14668 | Lair:2   | Killed a 14-headed hydra
 14669 | Lair:2   | Gained mutation: Your movements are less encumbered by
                  | armour. (ER -4) [demonic ancestry]
 14669 | Lair:2   | Reached XP level 13. HP: 71/101 MP: 19/19
 15303 | Lair:3   | Found a hole to the Spider Nest.
 15569 | Lair:3   | Reached skill level 12 in Axes
 16073 | Lair:3   | Reached skill level 10 in Fighting
 16661 | Lair:4   | Found a burning altar of Makhleb.
 18030 | Lair:4   | Identified the +2 hat of Umyjuic {Drain rN++ Dex+9 Slay+2}
                  | (Okawaru gifted it to you on level 4 of the Lair of Beasts)
 18030 | Lair:4   | Received a gift from Okawaru
 18261 | Lair:5   | Entered Level 5 of the Lair of Beasts
 18268 | Lair:5   | Reached skill level 13 in Axes
 18469 | Lair:5   | Gained mutation: You are robust. (+10% HP) [demonic
                  | ancestry]
 18469 | Lair:5   | Reached XP level 14. HP: 104/122 MP: 20/20
 18790 | Lair:5   | Reached skill level 10 in Armour
 18804 | Lair:5   | Reached skill level 10 in Shields
 18843 | Lair:5   | Identified the -1 pair of boots of Privacy {Dex+3} (Okawaru
                  | gifted it to you on level 5 of the Lair of Beasts)
 18843 | Lair:5   | Received a gift from Okawaru
 18855 | Lair:5   | Identified the +4 spear of the Final Lovers {flame, rF+
                  | rCorr Str-3}
 19433 | Lair:5   | Found a staircase to the Slime Pits.
 19440 | Lair:5   | Found a viscous altar of Jiyva.
 19555 | Lair:5   | Reached skill level 14 in Axes
 19986 | D:12     | Found Rutash's General Store.
 20670 | D:12     | Found an iron altar of Okawaru.
 20882 | D:13     | Found a frozen archway.
 20893 | IceCv    | Entered an ice cave
 21684 | IceCv    | Noticed a frost giant
 21697 | IceCv    | Killed a frost giant
 21697 | IceCv    | Identified the +11 broad axe of the Teaching Gods {flame,
                  | Fly rF- rC+} (Okawaru gifted it to you in an ice cave)
 21697 | IceCv    | Received a gift from Okawaru
 21698 | IceCv    | Gained mutation: You have claws for hands. [demonic
                  | ancestry]
 21698 | IceCv    | Reached XP level 15. HP: 104/132 MP: 21/21
 21746 | IceCv    | Got the Atlas of Firn
 22019 | D:13     | Found a runed translucent door.
 22350 | D:13     | Identified the ring "Humix" {rElec rF+ rC+++ Int-3}
 22357 | D:13     | Got Nid Vuob's Guidebook on the Rocks and Conflagration
 22359 | D:13     | Identified the +6 double sword "Etzoebb" {flame, rElec
                  | Str+3 Stlth+}
 22457 | D:14     | Identified the +9 spear of the Moth {vorpal, rN+ Str+4}
 22514 | D:14     | Reached skill level 15 in Axes
 22596 | D:14     | Identified the +1 robe "Leochan" {Regen+ Stlth+} (Okawaru
                  | gifted it to you on level 14 of the Dungeon)
 22596 | D:14     | Received a gift from Okawaru
 22860 | D:14     | Found a gate to the Vaults.
 23711 | Orc:1    | Entered Level 1 of the Orcish Mines
 23779 | Orc:1    | Found a transporter.
 23858 | Orc:1    | Noticed Sonja
 23866 | Orc:1    | Killed Sonja
 24026 | Orc:1    | Found a transporter.
 24187 | Orc:1    | Paralysed by an orc sorcerer for 3 turns
 24380 | Orc:2    | Entered Level 2 of the Orcish Mines
 24505 | Orc:2    | Found a dark tunnel.
 24517 | Volcano  | Entered a volcano
 24561 | Volcano  | Found a radiant altar of Vehumet.
 25380 | Orc:2    | Found a staircase to the Elven Halls.
 25461 | Orc:2    | Found Deligepy's Book Boutique.
 25474 | Orc:2    | Bought a manual of Shields for 1200 gold pieces
 25631 | Orc:2    | Paralysed by an orc sorcerer for 4 turns
 25632 | Orc:2    | HP: 4/132 [orc sorcerer/+0 dagger (4)]
 25632 | Orc:2    | Demolished by a sun demon

Illustrated notes

Levels and vault maps discovered:
D:1:      dpeg_arrival_rooms_with_view, layout_basic
D:2:      layout_loops_ring, shapermc_ecumenical_altar_mp_highgroup,
          minmay_misc_feat_roman, chequers_serial_rivers_small_3, uniq_natasha
D:3:      layout_basic, uniq_terence, uniq_robin, uniq_ijyb
D:4:      layout_layer_cave
D:5:      layout_basic, vehumet_crystals, lightli_temple_of_fire
D:6:      layout_gridville, mainiacjoe_overflow_catwalk,
          minmay_temple_entry_glass, corner_web_ring,
          hangedman_decor_diamond_cutter, kennysheep_nub,
          hangedman_abyss_or_decor_stagger
D:7:      layout_layer_cave
D:8:      layout_rooms, minmay_holes, minmay_stone_trees_small,
          patterned_corridor
D:9:      layout_irregular_city, erik_orc_1, serial_shops, shop
D:10:     layout_roguey, lair_entry_dummy, gammafunk_ghost_split, uniq_psyche,
          uniq_urug
D:11:     layout_basic, enter_trove_0, grunt_ministairs_15, uniq_josephine
D:12:     layout_irregular_city, serial_shops, shop_fountains,
          hangedman_decor_points, okawaru_altar_gauntlet_db
D:13:     layout_rooms, portal_ice_cave_rime, minmay_st_funbox,
          small_statue_intersection
D:14:     layout_basic, skrybe_vaults_entry_preservation,
          nicolae_figureground_pulse
Temple:   hellmonk_temple_divided_pantheon
Lair:1:   statuecave_lemuel, layout_misc_corridors, nicolae_lair_lindhole,
          serial_bayou_shore_b
Lair:2:   dpeg_oklob_gauntlet, layout_cave_pods, minmay_shoals_entry_centaurs,
          chequers_serial_rivers_small_b
Lair:3:   nzn_winding_woodlands_stair_trap [nzn_winding_woodlands_5x15_zeroes,
          nzn_winding_woodlands_5x15_jagged, nzn_winding_woodlands_5x15_pockets,
          nzn_winding_woodlands_15x15_five_gardens,
          nzn_winding_woodlands_5x15_pool, nzn_winding_woodlands_5x15_eye,
          nzn_winding_woodlands_5x15_default], layout_regular_city,
          nicolae_spider_entry_non_spiders
Lair:4:   layout_roguey, basic_altar, hangedman_lair_generics_rect,
          infiniplex_staircase_pool, grunt_megastairs_4
Lair:5:   hangedman_lair_caniforms_friends, layout_small_grid,
          hangedman_lair_tendril_chambers, dpeg_slime_entry_corner
Orc:1:    gammafunk_beogh_shrine, layout_caves, nicolae_orc_lost_temple,
          uniq_sonja
Orc:2:    kennysheep_orc_mage_school, layout_caves, serial_shops,
          nicolae_shop_advertising_works [nicolae_subvault_shop_adworks],
          enter_volcano_2

Skill      XL: |  1  2  3  4  5  6  7  8  9 10 11 12 13 14 15 |
---------------+----------------------------------------------+-----
Axes           | 2 3 4 5 6 8 9 10 11 13 14 15 | 15.5
Armour         | 3 4 5 6 7 8 9 10 11 | 11.5
Dodging        | 1 2 3 4 5 6 7 |  7.9
Shields        | 3 4 5 6 7 8 9 10 11 | 11.5
Fighting       | 4 5 6 7 8 9 10 11 12 | 12.4
Invocations    | 4 6 8 |  8.4

Action                   |  1- 3 |  4- 6 |  7- 9 | 10-12 | 13-15 || total
-------------------------+-------+-------+-------+-------+-------++-------
Melee: War axe           |    95 |    63 |       |    40 |   725 ||   923
       Hand axe          |       |    60 |   261 |   611 |       ||   932
       Broad axe         |       |       |       |       |   231 ||   231
Invok: Heroism           |       |       |       |     1 |     1 ||     2
       Finesse           |       |       |       |     1 |       ||     1
  Use: Scroll            |       |     7 |     5 |    12 |     7 ||    31
       Potion            |       |     1 |       |     7 |     1 ||     9
 Stab: Confused          |       |       |       |     1 |       ||     1
       Invisible         |       |       |       |     2 |       ||     2
       Petrified         |       |       |       |       |     8 ||     8
       Petrifying        |       |       |       |       |     2 ||     2
Armor: Scale mail        |    51 |     6 |       |       |       ||    57
       Chain mail        |       |    54 |   155 |   301 |   486 ||   996
Dodge: Dodged            |    31 |    45 |   179 |   387 |   523 ||  1165
Block: Buckler           |    23 |    17 |    75 |   165 |   548 ||   828
       Reflection        |       |       |       |       |    25 ||    25
